 Dungeon Crawl Stone Soup version 0.31-a0-164-g2312942fda (webtiles) character file.

Game seed: 7776966637190498617

1375 qw the Cleaver (level 8, -8/50 HPs)
             Began as a Gargoyle Fighter on June 13, 2023.
             Was an Initiate of Okawaru.
             Mangled by a large abomination (24 damage)
             ... on level 2 of the Abyss.
             The game lasted 00:03:30 (6136 turns).

qw the Cleaver (Gargoyle Fighter)                   Turns: 6136, Time: 00:03:30

Health: -8/50      AC: 20    Str: 19 (22) XL:     8   Next: 66%
Magic:  8/8        EV:  9    Int:  8 (9)  God:    Okawaru [......]
Gold:   369        SH:  4    Dex:  6 (9)  Spells: 7/7 levels left

rFire   + . .        Y - +1 war axe (protect)
rCold   . . .        c - +0 buckler
rNeg    + . .        b - +0 scale mail
rPois   inf          (no helmet)
rElec   +            o - +0 cloak
rCorr   .            (no gloves)
SInv    .            (no boots)
Will    .....        (no amulet) Stlth
                     n - ring of protection from fire
HPRegen 0.28/turn    (no ring)
MPRegen 0.11/turn

%: no passive effects
@: under a protective aura
A: sickness immunity, AC +5, negative energy resistance 1, electricity
resistance, torment resistance 1, petrification resistance
a: Renounce Religion


You were on level 2 of the Abyss.
You worshipped Okawaru.
Okawaru was noncommittal.
You visited 2 branches of the dungeon, and saw 8 of its levels.
You visited the Abyss 1 time.

You collected 369 gold pieces.


Innate Abilities, Weirdness & Mutations

You are immune to sickness and miasma.
Your stone body is resilient. (AC +5)
You are immune to poison.
You resist negative energy. (rN+)
You are resistant to electric shocks. (rElec)
You are resistant to unholy torment.
You are immune to petrification.


   Skills:
 + Level 5.4 Fighting
 - Level 8.1 Axes
 - Level 2.9 Throwing
 - Level 3.2 Armour
 - Level 1.3 Dodging
 - Level 3.2 Shields


You had 7 spell levels left.
You didn't know any spells.
Your spell library was empty.

Inventory:

Hand Weapons
 q - a +2 war axe
 r - a +5 morningstar
 Y - a +1 war axe of protection (weapon)
Missiles
 s - 3 javelins (quivered)
Armour
 b - a +0 scale mail (worn)
 c - a +0 buckler (worn)
 o - a +0 cloak (worn)
Jewellery
 n - a ring of protection from fire (left hand)
 p - a ring of ice
Scrolls
 f - 5 scrolls of identify
Potions
 d - a potion of might
 h - a potion of attraction
 i - 4 potions of curing
 j - a potion of cancellation
 l - a potion of mutation

Dungeon Overview and Level Annotations

Branches:
Dungeon (7/15)             Temple (1/1) D:7

Altars:
Ashenzari
Cheibriados
Dithmenos
Elyvilon
Fedhas
Gozag
Hepliaklqana
Makhleb
Nemelex Xobeh
Okawaru
Qazlal
Ru
Sif Muna
Trog
Uskayaw
Vehumet
Wu Jian
Yredelemnul
Zin
The Shining One

Shops:
D:2 [

Annotations:
D:7 Joseph


Message History

Joseph hits you with a +0 quarterstaff of distortion.
Space warps around you.
You slash Joseph!
Joseph is moderately wounded.
Joseph hits you with a +0 quarterstaff of distortion.
Space warps around you.
6116 ||| DRINKING potion of heal wounds.
You feel much better. Joseph barely misses you.
You hit Joseph.
Joseph is moderately wounded.
Joseph hits you with a +0 quarterstaff of distortion.
Space warps horribly around you!
A bullfrog comes into view.
The bullfrog croaks.
You slash Joseph!
Joseph is heavily wounded.
Joseph hits you with a +0 quarterstaff of distortion.
You blink.
Enter note:
Enter note: Joseph hits you with a +0 quarterstaff of distortion.
You are cast into the Abyss!
This branch contains the abyssal rune of Zot.
Waypoint 8 assigned to Abyss:2.
You start resting.
A large abomination comes into view.
You throw a javelin.
The javelin barely misses the large abomination.
You throw a javelin.
The javelin pierces through the large abomination but does no damage.
You barely miss the large abomination.
The large abomination closely misses you.
You hit the large abomination but do no damage.
Your weapon exudes an aura of protection.
The large abomination hits you.
You slash the large abomination!
The large abomination is moderately damaged.
The large abomination hits you!!
You die...

## #.(.
##.....
#.###...#
#...@X..+
#.#.#..##
#. .## ..
## #..
##. .. ..


You could see a large abomination.

Vanquished Creatures
  Prince Ribbit (D:7)
  A water moccasin (D:6)
  An ice beast (D:6)
  A black bear (D:4)
  A kobold brigand (D:7)
  2 scorpions
  3 wights (D:6)
  3 hounds
  A gnoll bouda (D:4)
  2 orc priests
  A sleepcap (D:6)
  5 iguanas
  An orc wizard (D:6)
  4 gnolls (D:4)
  4 adders
  2 shadow imps
  3 ufetubi
  2 worms
  A dart slug (D:3)
  12 orcs
  7 ball pythons
  7 bats
  10 endoplasms
  3 giant cockroaches
  8 goblins
  4 hobgoblins
  2 jackals (D:3)
  A quokka (D:1)
  2 frilled lizards (D:1)
  11 kobolds
  4 rats
110 creatures vanquished.

Notes
Turn   | Place    | Note
-------+----------+-------------------------------------------
     0 | D:1      | qw the Gargoyle Fighter began the quest for the Orb.
     0 | D:1      | Reached XP level 1. HP: 14/14 MP: 1/1
     0 | D:1      | 0 ||| qw: Version: 0.2-a-29-gc1b59c4
     0 | D:1      | 0 ||| qw: Game counter: 4567
     0 | D:1      | 0 ||| qw: Always use a shield: true
     0 | D:1      | 0 ||| qw: God list: Okawaru
     0 | D:1      | 0 ||| qw: Allow faded altars: false
     0 | D:1      | 0 ||| qw: Do Orc after D:15 true
     0 | D:1      | 0 ||| qw: Do second Lair branch before Depths: true
     0 | D:1      | 0 ||| qw: Lair rune preference: random
     0 | D:1      | 0 ||| qw: Plans: Normal, Zot:1-4, Slime:5, God:TSO, Crypt,
                  | Tomb, Abyss, Pan, Hells, Win
     0 | D:1      | 0 ||| PLANNING D:1-11
    46 | D:1      | Reached skill level 2 in Axes
   216 | D:1      | Reached XP level 2. HP: 18/19 MP: 2/2
   526 | D:1      | Reached skill level 3 in Axes
   536 | D:1      | 536 ||| FLEEEEING.
   557 | D:1      | Reached XP level 3. HP: 23/23 MP: 3/3
   618 | D:1      | 618 ||| DROPPING +0 club.
   628 | D:1      | 628 ||| DROPPING +0 whip.
   761 | D:1      | 761 ||| READING scroll labelled HAADUERAUPT.
   762 | D:1      | 762 ||| READING scroll labelled BIGASHRICRI.
   776 | D:1      | 776 ||| DRINKING 2 fizzy coppery potions.
   777 | D:1      | 777 ||| DROPPING potion of enlightenment.
   832 | D:2      | 832 ||| Stepping ~*~*~tactically~*~*~ (stealth).
   833 | D:2      | 833 ||| Stepping ~*~*~tactically~*~*~ (stealth).
   949 | D:2      | Reached XP level 4. HP: 26/28 MP: 4/4
  1144 | D:2      | Found Deiny's Antique Armour Boutique.
  1152 | D:2      | 1152 ||| SHOPLISTING +3 warlock's mirror {omnireflect}
                  | (1040 gold, have 82).
  1152 | D:2      | 1152 ||| SHOPLISTING chain mail (117 gold, have 82).
  1152 | D:2      | 1152 ||| SHOPLISTING cloak (117 gold, have 82).
  1152 | D:2      | 1152 ||| SHOPLISTING glowing leather armour (130 gold, have
                  | 82).
  1152 | D:2      | 1152 ||| SHOPLISTING pair of twisted gloves (247 gold, have
                  | 82).
  1152 | D:2      | 1152 ||| SHOPLISTING runed plate armour (676 gold, have
                  | 82).
  1152 | D:2      | 1152 ||| SHOPLISTING spiked ring mail (234 gold, have 82).
  1282 | D:2      | Found a faded altar of an unknown god.
  1570 | D:2      | Reached skill level 4 in Axes
  1571 | D:2      | 1571 ||| DROPPING ring of magical power.
  1572 | D:2      | 1572 ||| READING 2 scrolls labelled QEMIRU NILA.
  1573 | D:2      | 1573 ||| READING 4 scrolls labelled WUNIWAO FUKO.
  1574 | D:2      | 1574 ||| READING scroll labelled JIDIAC NIPLOH.
  1575 | D:2      | 1575 ||| READING scroll labelled NUSEIR XIRI.
  1576 | D:2      | 1576 ||| DRINKING 2 sedimented purple potions.
  1577 | D:2      | 1577 ||| READING 3 scrolls of identify.
  1577 | D:2      | 1577 ||| IDENTIFYING smoky red potion
  1578 | D:2      | 1578 ||| DROPPING scroll of vulnerability.
  2012 | D:3      | 2012 ||| Stepping ~*~*~tactically~*~*~ (hiding).
  2273 | D:3      | Found a hide-covered altar of Uskayaw.
  2327 | D:3      | 2327 ||| Stepping ~*~*~tactically~*~*~ (hiding).
  2328 | D:3      | 2328 ||| Stepping ~*~*~tactically~*~*~ (hiding).
  2461 | D:3      | 2461 ||| Stepping ~*~*~tactically~*~*~ (stealth).
  2473 | D:3      | HP: 7/28 [orc priest/divine providence (12)]
  2475 | D:3      | Reached XP level 5. HP: 5/32 MP: 5/5
  2632 | D:3      | 2632 ||| Stepping ~*~*~tactically~*~*~ (hiding).
  2754 | D:3      | 2754 ||| READING scroll labelled DAM BATHUMUISH.
  2855 | D:3      | 2855 ||| READING scroll labelled SOM JYESIEN.
  2856 | D:3      | 2856 ||| READING 2 scrolls of identify.
  2856 | D:3      | 2856 ||| IDENTIFYING smoky blue potion
  2927 | D:4      | Noticed a black bear
  2934 | D:4      | Killed a black bear
  2935 | D:4      | Reached skill level 5 in Axes
  2957 | D:4      | 2957 ||| Stepping ~*~*~tactically~*~*~ (stealth).
  3008 | D:4      | 3008 ||| Stepping ~*~*~tactically~*~*~ (stealth).
  3016 | D:4      | Reached XP level 6. HP: 33/38 MP: 6/6
  3032 | D:4      | 3032 ||| FLEEEEING.
  3038 | D:4      | 3038 ||| FLEEEEING.
  3039 | D:4      | 3039 ||| FLEEEEING.
  3040 | D:4      | 3040 ||| FLEEEEING.
  3041 | D:4      | 3041 ||| FLEEEEING.
  3042 | D:4      | 3042 ||| FLEEEEING.
  3043 | D:4      | 3043 ||| FLEEEEING.
  3044 | D:4      | 3044 ||| FLEEEEING.
  3045 | D:4      | 3045 ||| FLEEEEING.
  3051 | D:4      | 3051 ||| FLEEEEING.
  3057 | D:4      | 3057 ||| FLEEEEING.
  3058 | D:4      | 3058 ||| FLEEEEING.
  3059 | D:4      | 3059 ||| FLEEEEING.
  3088 | D:4      | Reached skill level 1 in Dodging
  3116 | D:4      | 3116 ||| Stepping ~*~*~tactically~*~*~ (stealth).
  3232 | D:4      | 3232 ||| Stepping ~*~*~tactically~*~*~ (stealth).
  3526 | D:4      | Found a broken altar of Ashenzari.
  3594 | D:4      | 3594 ||| Stepping ~*~*~tactically~*~*~ (stealth).
  3640 | D:4      | 3640 ||| UPGRADING to ring of protection from fire.
  3641 | D:4      | 3641 ||| READING scroll labelled TEYBUSAFYST.
  3642 | D:4      | 3642 ||| READING scroll labelled GIPHIHUNIK.
  3656 | D:5      | Entered Level 5 of the Dungeon
  3883 | D:5      | Reached skill level 6 in Axes
  3883 | D:5      | Reached XP level 7. HP: 25/43 MP: 7/7
  4272 | D:5      | Found a hazy altar of Hepliaklqana.
  4367 | D:5      | 4367 ||| UPGRADING to +0 cloak.
  4372 | D:5      | 4372 ||| READING scroll labelled ZYTROTW JYJE.
  4373 | D:5      | 4373 ||| READING scroll labelled VUZUKE TUCVI.
  4377 | D:5      | 4377 ||| READING 2 scrolls of identify.
  4377 | D:5      | 4377 ||| IDENTIFYING green potion
  4378 | D:5      | 4378 ||| DROPPING potion of brilliance.
  4420 | D:6      | 4420 ||| DROPPING +0 vampiric whip.
  4421 | D:6      | 4421 ||| DROPPING +0 mace.
  4448 | D:6      | Found an opulent altar of Gozag.
  4672 | D:6      | Found a radiant altar of Vehumet.
  4695 | D:6      | Reached skill level 7 in Axes
  4787 | D:6      | 4787 ||| DROPPING +0 flail.
  4813 | D:6      | Reached XP level 8. HP: 50/50 MP: 8/8
  4950 | D:6      | 4950 ||| DROPPING +0 morningstar.
  5396 | D:6      | Reached skill level 1 in Throwing
  5542 | D:6      | 5542 ||| READING scroll labelled HEACKY OTTIPH.
  5543 | D:6      | 5543 ||| READING scroll labelled DOESHR MEUBOE.
  5544 | D:6      | 5544 ||| DRINKING 2 ruby potions.
  5545 | D:6      | 5545 ||| DRINKING 2 orange potions.
  5650 | D:6      | 5650 ||| DRINKING 2 brown potions.
  5651 | D:6      | 5651 ||| DRINKING 2 amethyst potions.
  5652 | D:6      | 5652 ||| DROPPING potion of berserk rage.
  5653 | D:6      | 5653 ||| DROPPING potion of degeneration.
  5701 | D:7      | Noticed Prince Ribbit
  5711 | D:7      | Killed Prince Ribbit
  5712 | D:7      | 5712 ||| FLEEEEING.
  5713 | D:7      | 5713 ||| FLEEEEING.
  5714 | D:7      | 5714 ||| FLEEEEING.
  5715 | D:7      | 5715 ||| FLEEEEING.
  5716 | D:7      | 5716 ||| FLEEEEING.
  5717 | D:7      | 5717 ||| FLEEEEING.
  5718 | D:7      | 5718 ||| FLEEEEING.
  5719 | D:7      | 5719 ||| FLEEEEING.
  5721 | D:7      | 5721 ||| FLEEEEING.
  5722 | D:7      | 5722 ||| FLEEEEING.
  5723 | D:7      | 5723 ||| STAIRDANCE
  5751 | D:7      | 5751 ||| STAIRDANCE
  5807 | D:7      | Reached skill level 8 in Axes
  5853 | D:7      | Found a staircase to the Ecumenical Temple.
  5854 | D:7      | 5854 ||| PLANNING TEMPLE
  5856 | D:7      | 5856 ||| Stepping ~*~*~tactically~*~*~ (hiding).
  5873 | Temple   | Entered the Ecumenical Temple
  5891 | Temple   | 5891 ||| PLANNING OKAWARU WORSHIP
  5920 | Temple   | Became a worshipper of Warmaster Okawaru
  5920 | Temple   | 5920 ||| PLANNING D:1-11
  6074 | D:7      | Noticed Joseph
  6075 | D:7      | 6075 ||| FLEEEEING.
  6076 | D:7      | 6076 ||| FLEEEEING.
  6077 | D:7      | 6077 ||| FLEEEEING.
  6078 | D:7      | 6078 ||| FLEEEEING.
  6079 | D:7      | 6079 ||| FLEEEEING.
  6080 | D:7      | 6080 ||| FLEEEEING.
  6081 | D:7      | 6081 ||| FLEEEEING.
  6087 | D:7      | 6087 ||| FLEEEEING.
  6088 | D:7      | 6088 ||| FLEEEEING.
  6089 | D:7      | 6089 ||| FLEEEEING.
  6090 | D:7      | 6090 ||| FLEEEEING.
  6092 | D:7      | 6092 ||| FLEEEEING.
  6096 | D:7      | 6096 ||| FLEEEEING.
  6097 | D:7      | 6097 ||| FLEEEEING.
  6098 | D:7      | 6098 ||| FLEEEEING.
  6115 | D:7      | HP: 10/50 [Joseph/+0 quarterstaff of distortion (3)]
  6116 | D:7      | 6116 ||| DRINKING potion of heal wounds.
  6120 | D:7      | HP: 12/50 [Joseph/+0 quarterstaff of distortion (1)]
  6120 | Abyss:2  | Cast into level 2 of the Abyss (Joseph)
  6131 | Abyss:2  | Noticed a large abomination
  6136 | Abyss:2  | Mangled by a large abomination

Levels and vault maps discovered:
D:1:      minmay_arrival_stair_chambers, layout_basic
D:2:      layout_basic, serial_shops, nicolae_shop_tiny_statue_garden,
          shapermc_ecumenical_altar_flowoftime, chequers_serial_rivers_marsh,
          minmay_misc_feat_more_columns, minmay_indecisive_spiral
D:3:      layout_basic, mainiacjoe_overflow_boulevard
D:4:      layout_basic, ashenzari_altar_1
D:5:      layout_gridville, kennysheep_mini_moat
D:6:      layout_loops_ring, mainiacjoe_overflow_catch_the_wave
D:7:      layout_rooms, minmay_temple_entry_sparse_star, minivault_26,
          kennysheep_generic_room_10, uniq_joseph, uniq_pikel,
          uniq_crazy_yiuf_cottage, uniq_prince_ribbit1
Temple:   hellmonk_temple_of_storms
Abyss:2:  base: Temple, hangedman_abyss_town

Skill      XL: |  1  2  3  4  5  6  7  8 |
---------------+-------------------------+-----
Axes           | 2 3 4 5 6 7 8 |  8.1
Fighting       | 4 5 |  5.4
Dodging        | 1 |  1.3
Throwing       | 2 |  2.9
Armour         | |  3.2
Shields        | |  3.2

Action                     |  1- 3 |  4- 6 |  7- 9 || total
---------------------------+-------+-------+-------++-------
  Melee: War axe           |   100 |   162 |   184 ||   446
  Throw: Boomerang         |       |    12 |       ||    12
         Javelin           |       |       |    12 ||    12
    Use: Scroll            |     2 |    10 |     5 ||    17
         Potion            |     1 |     1 |     5 ||     7
 Armour: Scale mail        |    58 |    78 |    87 ||   223
  Dodge: Dodged            |    55 |    68 |    72 ||   195
  Block: Buckler           |    16 |    39 |    24 ||    79

Table legend:
 A = Non-vault XP
 B = Vault XP
 C = Vault XP percentage of total XP
 D = Non-vault monster count
 E = Vault monster count
 F = Vault count percentage of total count
                 A         B        C        D         E       F
            +---------+---------+-------+---------+---------+-------
      Total |    1690 |     275 |  14.0 |     104 |       6 |   5.5
            +---------+---------+-------+---------+---------+-------
        D:1 |      43 |       0 |   0.0 |      25 |       0 |   0.0
        D:2 |      40 |      17 |  29.8 |      13 |       4 |  23.5
        D:3 |      67 |       0 |   0.0 |      14 |       0 |   0.0
        D:4 |     405 |       0 |   0.0 |      18 |       0 |   0.0
        D:5 |     171 |       0 |   0.0 |       9 |       0 |   0.0
        D:6 |     846 |       0 |   0.0 |      18 |       0 |   0.0
        D:7 |     118 |     258 |  68.6 |       7 |       2 |  22.2
            +---------+---------+-------+---------+---------+-------
